[Event "Titled Tuesday Blitz June 27 Late 2023"]
[White "Cuenca Jimenez, Jose Fernando"]
[Black "Antipov, Mikhail Al."]
[WhiteFideId "2255570"]
[BlackFideId "4107012"]
[WhiteElo "2694"]
[BlackElo "2913"]
[Result "0-1"]
[Round "7"]
[TimeControl "180+2"]
[Date "2023.06.27"]
[WhiteClock "0:00:10"]
[BlackClock "0:00:11"]
[Board "21"]

1. c4 c5 2. Nf3 g6 3. d4 cxd4 4. Nxd4 Nc6 5. e4 Nf6 6. Nc3 d6 7. Be2 Nxd4 8. Qxd4 Bg7 9. Be3 O-O 10. Qd3 a5 11. Bd4 a4 12. O-O Bd7 13. f4 Bc6 14. Rad1 Qa5 15. Kh1 Rae8 16. Qe3 Nd7 17. Bxg7 Kxg7 18. Qd4+ f6 19. Nd5 Nc5 20. e5 dxe5 21. fxe5 f5 22. Bf3 Ne6 23. Qh4 Qc5 24. b3 axb3 25. axb3 Bxd5 26. cxd5 Nd8 27. Rc1 Qb6 28. e6 f4 29. Qg5 Qd6 30. Be4 Rf6 31. Rf3 b6 32. Rh3 Rh8 33. Qh6+ Kg8 34. Rc8 b5 35. Rhc3 Qb6 36. b4 Rf8 37. h3 Qd4 38. Bf3 Qg7 39. Qg5 Qf6 40. Qg4 Kg7 41. h4 Nb7 42. R8c7 Nd6 43. Qg5 Re8 44. Rxe7+ Rxe7 45. Qg4 h5 46. Qh3 Qxc3 47. Qh2 Qe1+ 48. Qg1 Qxg1+ 49. Kxg1 Rc8 50. Kf2 Rc4 51. Kg1 Rxb4 52. Kh2 Rd4 53. Bxh5 b4 54. Bxg6 Kxg6 55. h5+ Kf6 56. h6 b3 57. h7 Rxh7+ 58. Kg1 b2 59. Kf2 b1=Q 60. Ke2 Qc2+ 61. Kf3 Rd3+ 62. Kg4 Qf2 0-1


[Site "https://www.chess.com"]

[Event "Titled Tuesday Blitz June 27 Late 2023"]
[White "Dardha, Daniel"]
[Black "Rangel, Daniel"]
[WhiteFideId "240990"]
[BlackFideId "2124475"]
[WhiteElo "2899"]
[BlackElo "2468"]
[Result "1-0"]
[Round "7"]
[TimeControl "180+2"]
[Date "2023.06.27"]
[WhiteClock "0:00:37"]
[BlackClock "0:00:47"]
[Board "22"]

1. e4 c5 2. Nf3 g6 3. d4 cxd4 4. Nxd4 Bg7 5. c4 Nc6 6. Be3 Nf6 7. Nc3 O-O 8. Be2 Nxd4 9. Bxd4 d6 10. O-O Bd7 11. Re1 Bc6 12. Qc2 Nd7 13. Bxg7 Kxg7 14. Rad1 Qc7 15. b3 a5 16. Qd2 b6 17. Bf1 Nc5 18. Nd5 Bxd5 19. exd5 Rfe8 20. h4 Rad8 21. h5 e5 22. dxe6 Rxe6 23. h6+ Kg8 24. Qd4 f5 25. g3 Ne4 26. Bg2 Re7 27. Bxe4 fxe4 28. Rxe4 Rf7 29. Rde1 Rdf8 30. Qd5 Qd8 31. Re7 Qc8 32. Rxf7 Rxf7 33. Re7 Qf5 34. Re8# 1-0


[Site "https://www.chess.com"]

[Event "Titled Tuesday Blitz June 27 Late 2023"]
[White "Nihal Sarin"]
[Black "JackRodgers"]
[WhiteFideId "25092340"]
[WhiteElo "3101"]
[BlackElo "2569"]
[Result "1-0"]
[Round "7"]
[TimeControl "180+2"]
[Date "2023.06.27"]
[WhiteClock "0:00:25"]
[BlackClock "0:00:13"]
[Board "23"]

1. Nf3 c5 2. e3 g6 3. d4 Bg7 4. Be2 Nf6 5. O-O cxd4 6. exd4 d6 7. h3 O-O 8. c3 a6 9. a4 b6 10. Re1 Bb7 11. Bg5 Nbd7 12. Nbd2 h6 13. Bh4 g5 14. Bg3 Re8 15. Nc4 Qc7 16. Ne3 Ne4 17. Bh2 e6 18. h4 Ndf6 19. hxg5 Nxg5 20. Bf4 Nfe4 21. Nxg5 hxg5 22. Bh2 Rad8 23. Bd3 f5 24. Qh5 Qf7 25. Qxf7+ Kxf7 26. f3 Nf6 27. Nc4 f4 28. Nxb6 Rh8 29. Re2 Rh6 30. Nc4 Bd5 31. Rf1 Rdh8 32. Nxd6+ Kf8 33. g4 fxg3 34. Bxg3 g4 35. Ne4 Rh1+ 36. Kg2 Rxf1 37. Kxf1 gxf3 38. Bd6+ Ke8 39. Nxf6+ Bxf6 40. Rh2 Rg8 41. Bxa6 Bg5 42. Bb5+ Kf7 43. Rh7+ Kf6 44. Be7+ Kf5 45. Rh5 Kf4 46. Rxg5 Rh8 47. Rg1 Rh7 48. Bg5+ Ke4 49. Rg4+ Kf5 50. Bd3+ Kxg4 51. Bxh7 Kxg5 52. Kf2 Kf4 53. a5 Bc4 54. Bc2 e5 55. dxe5 Kxe5 56. Kxf3 Kd6 57. Ke3 Kc5 58. b4+ Kc6 59. Kd4 Be6 60. c4 Kb7 61. Be4+ Ka7 62. b5 Bc8 63. Kc5 Kb8 64. Kb4 Ka7 65. c5 Kb8 66. c6 Ka7 67. b6+ Kb8 68. c7# 1-0


[Site "https://www.chess.com"]

[Event "Titled Tuesday Blitz June 27 Late 2023"]
[White "Rosen, Eric"]
[Black "He, Anthony"]
[WhiteFideId "2032562"]
[BlackFideId "2088215"]
[WhiteElo "2677"]
[BlackElo "2984"]
[Result "1/2-1/2"]
[Round "7"]
[TimeControl "180+2"]
[Date "2023.06.27"]
[WhiteClock "0:00:03"]
[BlackClock "0:00:35"]
[Board "24"]

1. d4 Nf6 2. Bf4 d5 3. e3 c5 4. Nf3 Nc6 5. Nbd2 cxd4 6. exd4 Bf5 7. c3 e6 8. Be2 Bd6 9. Bxd6 Qxd6 10. O-O O-O 11. Re1 h6 12. a4 a6 13. a5 Rab8 14. Bf1 Bh7 15. b4 Nd7 16. Nb3 e5 17. dxe5 Ndxe5 18. Nfd4 Rfe8 19. Nc5 Bg6 20. Re3 Re7 21. h3 Rbe8 22. Qb3 Nxd4 23. cxd4 Nc6 24. Nxb7 Qf4 25. Rxe7 Rxe7 26. Nc5 Qxd4 27. Rd1 Qxb4 28. Qxd5 Re5 29. Qxc6 Qxc5 30. Qxa6 Qxa5 31. Qc8+ Kh7 32. Rd8 Bf5 33. Rh8+ Kg6 34. Qc6+ Re6 35. Qf3 Qe5 36. g4 Be4 37. Bd3 Bxd3 38. Qxd3+ Kg5 39. Kg2 Qf4 40. Rd8 Re5 41. Rd5 Rxd5 42. Qxd5+ Kg6 43. Qd3+ Kg5 44. Qd5+ Kg6 45. Qd3+ Kf6 46. Qd8+ Ke6 47. Qe8+ Kd5 48. Qd7+ Ke4 49. Qc6+ Kd3 50. Qb5+ Kd2 51. Qb2+ Ke1 52. Qb1+ Ke2 53. Qc2+ Ke1 54. Qb1+ Kd2 55. Qb2+ Kd3 56. Qxg7 Qe4+ 57. Kg1 Qe1+ 58. Kg2 Qe4+ 59. Kg3 Qe6 60. Qh8 Qd6+ 61. Kg2 Qc6+ 62. Kg3 Qd6+ 63. f4 Qb6 64. Qe8 Qg1+ 65. Kf3 Qf1+ 66. Kg3 Qg1+ 67. Kh4 Qf2+ 68. Kh5 Qxf4 69. Qd7+ Ke4 70. Qa4+ Kf3 71. Qxf4+ Kxf4 72. Kxh6 Kg3 73. Kg7 Kxh3 74. g5 Kg4 75. Kf6 Kh5 76. Kxf7 Kxg5 1/2-1/2


[Site "https://www.chess.com"]

[Event "Titled Tuesday Blitz June 27 Late 2023"]
[White "Galperin, Platon"]
[Black "Papp, Levente"]
[WhiteFideId "14165414"]
[BlackFideId "751243"]
[WhiteElo "2982"]
[BlackElo "2670"]
[Result "1-0"]
[Round "7"]
[TimeControl "180+2"]
[Date "2023.06.27"]
[WhiteClock "0:01:39"]
[BlackClock "0:00:02"]
[Board "25"]

1. d4 e6 2. Nf3 Nf6 3. Bf4 b6 4. e3 Bb7 5. Nbd2 Bd6 6. Bg3 O-O 7. Bd3 h6 8. e4 Bxg3 9. hxg3 d6 10. Qe2 e5 11. dxe5 dxe5 12. Nxe5 Qd4 13. Nec4 Re8 14. c3 Qc5 15. f3 Nbd7 16. O-O-O Rad8 17. Ne3 Ne5 18. Bc2 Qa5 19. Kb1 Ba6 20. c4 Qb4 21. a3 Qf8 22. f4 Nc6 23. Nf5 Nd4 24. Nxd4 Rxd4 25. e5 Nd7 26. Nf3 Bxc4 27. Qe3 Rxd1+ 28. Rxd1 Nc5 29. b4 g6 30. bxc5 bxc5 31. Qc3 Rb8+ 32. Kc1 Be6 33. Nd2 c4 34. Ne4 Rb5 35. g4 Bxg4 36. Nf6+ Kg7 37. Nxg4 h5 38. e6+ Kh7 39. Nf6+ Kh6 40. e7 Qb8 41. e8=Q 1-0


[Site "https://www.chess.com"]

[Event "Titled Tuesday Blitz June 27 Late 2023"]
[White "Stoleriu, George"]
[Black "Xiong, Jeffery"]
[WhiteFideId "1227505"]
[BlackFideId "2047640"]
[WhiteElo "2673"]
[BlackElo "2914"]
[Result "0-1"]
[Round "7"]
[TimeControl "180+2"]
[Date "2023.06.27"]
[WhiteClock "0:00:00"]
[BlackClock "0:00:07"]
[Board "26"]

1. e4 c5 2. Nc3 Nc6 3. Bb5 Nd4 4. Bc4 e6 5. Nge2 Ne7 6. Nxd4 cxd4 7. Ne2 Nc6 8. d3 a6 9. a4 b6 10. O-O Bb7 11. f4 Be7 12. Qe1 O-O 13. Qg3 f5 14. exf5 Rxf5 15. Qh3 Kh8 16. Ng3 Rf8 17. f5 d5 18. Bb3 e5 19. Nh5 Qd6 20. Bd2 Rf7 21. Rf2 Rc8 22. Raf1 Na5 23. f6 gxf6 24. Bg5 Rcf8 25. Nxf6 Rxf6 26. Bxf6+ Rxf6 27. Rxf6 Bxf6 28. Qh6 Be7 29. Qh5 Qe6 30. Rf7 h6 31. Rf3 Bc6 32. Rf5 Bd6 33. Qf3 Nxb3 34. Rf6 Qe7 35. Rf7 Qg5 36. cxb3 e4 37. Qh3 Qe3+ 38. Qxe3 dxe3 39. d4 b5 40. Rf6 Bb4 41. Kf1 Bd7 42. Rxa6 Bg4 0-1


[Site "https://www.chess.com"]

[Event "Titled Tuesday Blitz June 27 Late 2023"]
[White "Ashraf, Artin"]
[Black "Durarbayli, Vasif"]
[WhiteFideId "22514805"]
[BlackFideId "13402935"]
[WhiteElo "2654"]
[BlackElo "2911"]
[Result "0-1"]
[Round "7"]
[TimeControl "180+2"]
[Date "2023.06.27"]
[WhiteClock "0:00:15"]
[BlackClock "0:00:32"]
[Board "27"]

1. c4 c6 2. Qa4 Nf6 3. Nc3 e5 4. g3 Bc5 5. Bg2 O-O 6. Nf3 e4 7. Ne5 d6 8. Nxc6 Nxc6 9. Nxe4 Nxe4 10. Bxe4 Re8 11. Bg2 Bg4 12. e3 Nd4 13. O-O Nf3+ 14. Kh1 Qf6 15. d4 Qh6 16. h4 Bb6 17. c5 Bc7 18. e4 Qh5 19. cxd6 Bxd6 20. e5 Be7 21. e6 Bxe6 0-1


[Site "https://www.chess.com"]

[Event "Titled Tuesday Blitz June 27 Late 2023"]
[White "Ter-Sahakyan, Samvel"]
[Black "De La Villa Garcia, Jesus Maria"]
[WhiteFideId "13302531"]
[BlackFideId "2200040"]
[WhiteElo "2893"]
[BlackElo "2651"]
[Result "0-1"]
[Round "7"]
[TimeControl "180+2"]
[Date "2023.06.27"]
[WhiteClock "0:00:00"]
[BlackClock "0:00:02"]
[Board "28"]

1. d4 Nf6 2. c4 e6 3. Nc3 Bb4 4. Nf3 b6 5. e3 Bb7 6. Bd3 Ne4 7. Qc2 Bxc3+ 8. bxc3 f5 9. O-O O-O 10. Ne1 Qh4 11. f3 Ng5 12. Qf2 Qxf2+ 13. Rxf2 d6 14. c5 Nd7 15. cxd6 cxd6 16. a4 Rfc8 17. Ba3 Nf7 18. Rc2 a5 19. h4 Bc6 20. Bb2 Rc7 21. c4 Rac8 22. d5 exd5 23. Bxf5 dxc4 24. Rxc4 Bd5 25. Rd4 Bb3 26. Ra3 Bc4 27. Rxc4 Rxc4 28. Bxd7 R8c7 29. Bb5 Rb4 30. Bd4 Ne5 31. Bxe5 dxe5 32. Nd3 Rxh4 33. Nxe5 g6 34. e4 Rh5 35. Nd3 Rc2 36. f4 Rh4 37. Bd7 g5 38. e5 gxf4 39. e6 Kf8 40. Ne5 Ke7 41. Rd3 Rc1+ 42. Kf2 Rhh1 43. Kf3 Rhf1+ 44. Kg4 Rg1 45. Kxf4 Rcf1+ 46. Ke4 Rxg2 47. Nc6+ Kf6 48. Kd5 Rg5+ 49. Kd6 Rc1 50. e7 Re1 51. Rf3+ Kg7 52. e8=Q Rxe8 53. Bxe8 Rg4 54. Ne5 Rb4 55. Ke6 h5 56. Rg3+ Kh6 57. Nf7+ Kh7 58. Ne5 h4 59. Rg4 Kh6 60. Rxb4 axb4 61. Nd3 h3 0-1


[Site "https://www.chess.com"]

[Event "Titled Tuesday Blitz June 27 Late 2023"]
[White "Vlassov, Nikolai"]
[Black "Zhigalko, Sergei"]
[WhiteFideId "4103360"]
[BlackFideId "13502956"]
[WhiteElo "2641"]
[BlackElo "2884"]
[Result "0-1"]
[Round "7"]
[TimeControl "180+2"]
[Date "2023.06.27"]
[WhiteClock "0:00:11"]
[BlackClock "0:00:04"]
[Board "29"]

1. e4 c5 2. c3 d5 3. exd5 Qxd5 4. d4 Nf6 5. Nf3 Bg4 6. dxc5 Qxd1+ 7. Kxd1 Nc6 8. b4 a5 9. Bb5 axb4 10. Bxc6+ bxc6 11. cxb4 Nd5 12. Bd2 g6 13. a3 Bg7 14. Ra2 O-O 15. Ke2 Rfd8 16. Rc1 e5 17. Kf1 e4 18. Ng5 Bf5 19. g4 Bxg4 20. Nxe4 Be5 21. Nbc3 Be6 22. Raa1 Kg7 23. h4 h6 24. Nd6 Nf6 25. f4 Bxd6 26. cxd6 Rxd6 27. Be1 Rd3 28. Ke2 Rad8 29. a4 Ng4 30. Nd1 Rh3 31. Bc3+ Kh7 32. Nf2 Bc4+ 33. Ke1 Re3# 0-1


[Site "https://www.chess.com"]

[Event "Titled Tuesday Blitz June 27 Late 2023"]
[White "Ibarra Jerez, Jose Carlos"]
[Black "Andrej2004"]
[WhiteFideId "2226332"]
[WhiteElo "2882"]
[BlackElo "2639"]
[Result "1-0"]
[Round "7"]
[TimeControl "180+2"]
[Date "2023.06.27"]
[WhiteClock "0:01:48"]
[BlackClock "0:00:13"]
[Board "30"]

1. Nf3 b6 2. g3 Bb7 3. Bg2 Nf6 4. O-O g6 5. d3 Bg7 6. e4 d6 7. Nh4 Nfd7 8. d4 O-O 9. Nc3 e5 10. d5 a5 11. Be3 f5 12. exf5 gxf5 13. f4 exf4 14. Bxf4 Nc5 15. Qh5 Qf6 16. Be3 Nbd7 17. Nxf5 Rae8 18. Bh6 Bxh6 19. Nxh6+ Kh8 20. Rxf6 Nxf6 21. Qg5 Re5 22. Qf4 Kg7 23. Nf5+ Kg6 24. Rf1 Kf7 25. Nxd6+ Ke7 26. Qxe5+ 1-0


[Site "https://www.chess.com"]

[Event "Titled Tuesday Blitz June 27 Late 2023"]
[White "Kavutskiy, Konstantin"]
[Black "Harshavardhan G B"]
[WhiteFideId "2026384"]
[BlackFideId "25059009"]
[WhiteElo "2635"]
[BlackElo "2811"]
[Result "0-1"]
[Round "7"]
[TimeControl "180+2"]
[Date "2023.06.27"]
[WhiteClock "0:00:04"]
[BlackClock "0:00:48"]
[Board "31"]

1. d4 Nf6 2. Bg5 d5 3. Nd2 c5 4. e3 Nc6 5. Ngf3 Ne4 6. Bf4 cxd4 7. exd4 Qb6 8. Nb3 Bg4 9. Be2 e6 10. O-O Bd6 11. Bxd6 Nxd6 12. c3 O-O 13. h3 Bxf3 14. Bxf3 Nc4 15. Qe2 a5 16. Rab1 a4 17. Nc5 Qc7 18. b3 axb3 19. axb3 Nd6 20. Ra1 b6 21. Nd3 Na5 22. Qb2 Rac8 23. Rfc1 Nb5 24. Rc2 Qd6 25. Ne5 Rc7 26. Be2 Na7 27. b4 N5c6 28. Nxc6 Nxc6 29. Bd3 Rfc8 30. Ra6 Ne7 31. b5 g6 32. Qa3 Qxa3 33. Rxa3 Nf5 34. Bxf5 gxf5 35. Kf1 Rc4 36. Ra6 Rxc3 37. Rxc3 Rxc3 38. Rxb6 Rd3 39. Rd6 Rxd4 40. b6 Rb4 41. Ke2 Rb2+ 42. Ke3 Kg7 43. g3 Kf6 44. h4 Ke5 45. Rd7 Rb3+ 46. Ke2 Rxb6 47. Rxf7 h5 48. Rh7 Rb2+ 49. Kf3 d4 50. Rxh5 Rb3+ 51. Kg2 d3 52. Rh8 Rb4 53. Kf3 Rd4 54. Ke3 d2 55. f4+ Kf6 56. Kxd4 d1=Q+ 57. Ke3 Qe1+ 58. Kf3 Qf1+ 59. Ke3 Kg7 60. Rh5 Qe1+ 61. Kf3 Qd1+ 62. Kg2 Qxh5 0-1


[Site "https://www.chess.com"]

[Event "Titled Tuesday Blitz June 27 Late 2023"]
[White "Bazeev, German"]
[Black "Piesik, Piotr"]
[WhiteFideId "24119350"]
[BlackFideId "1136194"]
[WhiteElo "2808"]
[BlackElo "2627"]
[Result "1-0"]
[Round "7"]
[TimeControl "180+2"]
[Date "2023.06.27"]
[WhiteClock "0:01:41"]
[BlackClock "0:01:36"]
[Board "32"]

1. d4 c5 2. d5 e5 3. c4 d6 4. Nc3 Be7 5. Nf3 a6 6. a4 b6 7. h3 Ra7 8. e4 h6 9. g4 Bg5 10. Nxg5 hxg5 11. Rg1 Nd7 12. Ne2 Nf8 13. Ng3 Ng6 14. a5 Nf4 15. axb6 Qxb6 16. Qa4+ Bd7 17. Qa5 Qxa5+ 18. Rxa5 Nxh3 19. Rh1 Bxg4 20. f3 Bd7 21. Nf5 g6 22. Nxd6+ Ke7 23. Be3 Rc7 24. Rxa6 Nf6 25. Nb5 Rcc8 26. Ra7 Nf4 27. Rxh8 Rxh8 28. Bxc5+ Kd8 29. Ra8+ Bc8 30. Bb6+ Kd7 31. Ra7+ 1-0


[Site "https://www.chess.com"]

[Event "Titled Tuesday Blitz June 27 Late 2023"]
[White "HamedWafa4"]
[Black "Ohanyan, Emin"]
[BlackFideId "13312022"]
[WhiteElo "2621"]
[BlackElo "2791"]
[Result "0-1"]
[Round "7"]
[TimeControl "180+2"]
[Date "2023.06.27"]
[WhiteClock "0:00:37"]
[BlackClock "0:01:39"]
[Board "33"]

1. e4 e5 2. Nf3 Nc6 3. Bb5 f5 4. d3 fxe4 5. dxe4 Nf6 6. O-O Bc5 7. Qd3 d6 8. Qc4 Bb6 9. Nc3 Bd7 10. Nd5 Nxd5 11. exd5 Nd4 12. Bxd7+ Qxd7 13. Nxd4 Bxd4 14. Be3 Bb6 15. Bxb6 axb6 16. f4 O-O-O 17. Rae1 Rhe8 18. Qd3 exf4 19. Qxh7 Re5 20. c4 g5 21. Qg6 Qe8 22. Qxe8 Rdxe8 23. Kf2 Kd7 24. Rxe5 dxe5 25. Kf3 e4+ 26. Kg4 e3 27. Kxg5 Rg8+ 28. Kxf4 Rf8+ 29. Kxe3 Rxf1 30. g4 Rh1 0-1


[Site "https://www.chess.com"]

[Event "Titled Tuesday Blitz June 27 Late 2023"]
[White "Kushko, Dmitriy"]
[Black "Aldokhin, Ivan"]
[WhiteFideId "14162261"]
[BlackFideId "24115720"]
[WhiteElo "2788"]
[BlackElo "2618"]
[Result "0-1"]
[Round "7"]
[TimeControl "180+2"]
[Date "2023.06.27"]
[WhiteClock "0:00:00"]
[BlackClock "0:00:04"]
[Board "34"]

1. Nf3 Nf6 2. g3 g6 3. Bg2 Bg7 4. O-O O-O 5. d4 d6 6. a4 Nbd7 7. a5 e5 8. c4 a6 9. Nc3 exd4 10. Nxd4 Re8 11. b3 Nc5 12. Bf4 Nh5 13. Be3 Nf6 14. h3 Nfe4 15. Nxe4 Nxe4 16. Qd3 Qe7 17. Kh2 c5 18. Nf3 Bf5 19. Qd1 Bxa1 20. Qxa1 Rad8 21. g4 Bd7 22. Rd1 Bc6 23. Rd3 d5 24. cxd5 Rxd5 25. Kg1 Nxf2 26. Bxf2 Qxe2 27. Rxd5 Bxd5 28. Qf6 Qe6 29. Qf4 Qe4 30. Qf6 Qe6 31. Qc3 Bxb3 32. Bxc5 Bd5 33. Bd4 Qc6 34. Qd3 Be4 35. Qf1 Qd5 36. Bb6 Qd3 37. Qf2 Bd5 38. Ng5 Qd1+ 39. Kh2 Re2 40. Bxd5 Rxf2+ 41. Bxf2 Qxd5 42. h4 h6 43. Nh3 Qf3 44. g5 h5 45. Bg3 Qe2+ 46. Nf2 Qa2 47. Kh3 Qxa5 48. Kh2 Qf5 49. Kg1 a5 50. Nd1 a4 51. Ne3 Qe4 52. Nd1 a3 53. Bf2 Qb1 0-1


[Site "https://www.chess.com"]

[Event "Titled Tuesday Blitz June 27 Late 2023"]
[White "Grinev, Valeriy"]
[Black "Morefield, Jason"]
[WhiteFideId "14117517"]
[BlackFideId "30920825"]
[WhiteElo "2615"]
[BlackElo "2764"]
[Result "0-1"]
[Round "7"]
[TimeControl "180+2"]
[Date "2023.06.27"]
[WhiteClock "0:00:08"]
[BlackClock "0:00:16"]
[Board "35"]

1. e4 d6 2. Nc3 Nf6 3. d4 g6 4. f3 c6 5. Be3 Nbd7 6. Qd2 b5 7. a3 Bb7 8. g4 h5 9. g5 Nh7 10. h4 Bg7 11. Bh3 Nb6 12. b3 O-O 13. Nce2 d5 14. e5 Bc8 15. Nf4 Bxh3 16. Ngxh3 e6 17. Ng1 Re8 18. Nge2 Nd7 19. Ng3 c5 20. c3 a5 21. Nfxh5 gxh5 22. Nxh5 b4 23. Nf6+ Ndxf6 24. gxf6 bxc3 25. Qg2 Nxf6 26. exf6 Qxf6 27. Rg1 cxd4 28. Bg5 Qe5+ 29. Kf1 Kh7 30. Re1 Qf5 31. Be7 Rg8 32. h5 Bf6 33. Bxf6 Rxg2 34. Rxg2 Qxf6 35. Kg1 d3 36. f4 d2 37. Rf1 Rg8 38. f5 Rxg2+ 39. Kxg2 c2 40. fxe6 Qxf1+ 41. Kxf1 d1=Q+ 42. Kf2 c1=Q 0-1


[Site "https://www.chess.com"]

[Event "Titled Tuesday Blitz June 27 Late 2023"]
[White "Tristan, Leonardo"]
[Black "Gubajdullin, Alexei"]
[WhiteFideId "113816"]
[BlackFideId "4141202"]
[WhiteElo "2762"]
[BlackElo "2610"]
[Result "1-0"]
[Round "7"]
[TimeControl "180+2"]
[Date "2023.06.27"]
[WhiteClock "0:00:37"]
[BlackClock "0:00:09"]
[Board "36"]

1. d4 Nf6 2. Nf3 g6 3. Bf4 Bg7 4. e3 O-O 5. Be2 d6 6. O-O Nc6 7. c3 Nd7 8. e4 e5 9. Bg5 Bf6 10. Bxf6 Qxf6 11. Na3 a6 12. Nc4 Re8 13. Ne3 exd4 14. Nd5 Qd8 15. Nxd4 Rxe4 16. Bf3 Re5 17. Nxc6 bxc6 18. Nb4 Nb8 19. Bxc6 Ra7 20. Qd4 Rc5 21. Bf3 Bf5 22. Nd5 Nd7 23. b4 Rxd5 24. Bxd5 c5 25. Qf4 Qf6 26. g4 Qh4 27. h3 h5 28. Qg3 Qxg3+ 29. fxg3 hxg4 30. hxg4 Be6 31. Bxe6 fxe6 32. Rae1 cxb4 33. Rxe6 bxc3 34. Rxg6+ Kh7 35. Rg5 Nc5 36. Kg2 Rb7 37. Rh1# 1-0


[Site "https://www.chess.com"]

[Event "Titled Tuesday Blitz June 27 Late 2023"]
[White "Preotu, Razvan"]
[Black "Vdovin, Vadim"]
[WhiteFideId "2613280"]
[BlackFideId "24107158"]
[WhiteElo "2758"]
[BlackElo "2605"]
[Result "0-1"]
[Round "7"]
[TimeControl "180+2"]
[Date "2023.06.27"]
[WhiteClock "0:00:00"]
[BlackClock "0:00:09"]
[Board "37"]

1. e4 c5 2. Nf3 d6 3. d4 cxd4 4. Nxd4 Nf6 5. Nc3 a6 6. Be3 e5 7. Nb3 Be6 8. h3 Be7 9. Qf3 Nbd7 10. g4 h6 11. O-O-O b5 12. Nd5 Bxd5 13. exd5 Rc8 14. h4 e4 15. Qg2 Ne5 16. g5 hxg5 17. hxg5 Rxh1 18. Qxh1 Nfg4 19. Qxe4 Nxe3 20. Qxe3 Bxg5 21. f4 Bh6 22. Kb1 Kf8 23. Qe4 Ng6 24. f5 Ne5 25. Nd4 Qg5 26. Nc6 Re8 27. Qb4 Nf3 28. a4 Nd2+ 29. Ka2 Qxf5 30. Qxd6+ Kg8 31. Bd3 Qg4 32. Qb4 Qxd1 33. Qd4 Qb1+ 34. Ka3 Qa1+ 35. Kb4 Qxa4+ 36. Kc5 Qxd4+ 37. Kxd4 Nf3+ 38. Kc5 Ne5 39. d6 Nxc6 40. Kxc6 Bg5 41. d7 Re1 42. Kb7 a5 43. Bxb5 Rc1 44. c4 f5 45. Kb6 f4 46. c5 Bd8+ 47. Kc6 Be7 48. Kb7 Rxc5 0-1


[Site "https://www.chess.com"]

[Event "Titled Tuesday Blitz June 27 Late 2023"]
[White "Nazari, Arad"]
[Black "Sargsyan, Anna M."]
[WhiteFideId "12577324"]
[BlackFideId "13308130"]
[WhiteElo "2753"]
[BlackElo "2595"]
[Result "1-0"]
[Round "7"]
[TimeControl "180+2"]
[Date "2023.06.27"]
[WhiteClock "0:00:31"]
[BlackClock "0:00:00"]
[Board "38"]

1. e4 c6 2. Nf3 d5 3. Nc3 Bg4 4. h3 Bxf3 5. Qxf3 Nf6 6. Be2 e6 7. O-O Nbd7 8. d4 dxe4 9. Nxe4 Be7 10. c3 O-O 11. Bd3 Qb6 12. a4 a6 13. a5 Qa7 14. Bf4 Nxe4 15. Bxe4 Nf6 16. Bc2 Rad8 17. Be5 Rd7 18. Rfe1 c5 19. Rad1 Rfd8 20. Ba4 Rd5 21. c4 Rxd4 22. Bxd4 cxd4 23. Rd3 Bb4 24. Re5 Qb8 25. Rg5 h6 26. Rg3 Qe5 27. Qxb7 Qe1+ 28. Kh2 Bd6 29. Qb6 Bxg3+ 30. Rxg3 Rc8 31. Qxd4 Nh5 32. Rc3 e5 33. Qg4 Rb8 34. Qxh5 Rxb2 35. Rf3 g6 36. Qh4 Rb1 37. Qd8+ 1-0


[Site "https://www.chess.com"]

[Event "Titled Tuesday Blitz June 27 Late 2023"]
[White "Fantinel, Thibault"]
[Black "Mahdavi, Reza"]
[WhiteFideId "663395"]
[BlackFideId "12595926"]
[WhiteElo "2587"]
[BlackElo "2748"]
[Result "1/2-1/2"]
[Round "7"]
[TimeControl "180+2"]
[Date "2023.06.27"]
[WhiteClock "0:00:06"]
[BlackClock "0:00:06"]
[Board "39"]

1. c4 e5 2. g3 c6 3. Nf3 e4 4. Nd4 d5 5. d3 Bc5 6. Nb3 Bb4+ 7. Bd2 Bxd2+ 8. Qxd2 dxc4 9. dxc4 f5 10. Qxd8+ Kxd8 11. Bh3 Nf6 12. Nc3 Ke7 13. f3 exf3 14. exf3 Rd8 15. Kf2 Kf7 16. Rad1 Rxd1 17. Rxd1 Na6 18. Bf1 Be6 19. Nd4 g6 20. a3 Nc7 21. b4 Rd8 22. Nxe6 Nxe6 23. Rxd8 Nxd8 24. c5 Ke7 25. Ke3 Nf7 26. f4 Ng4+ 27. Kd4 Nxh2 28. Bc4 Nh6 29. a4 Nf7 30. b5 Nd8 31. b6 a5 32. Nb1 Ne6+ 33. Bxe6 Kxe6 34. Nd2 h5 35. Nb3 Nf1 36. Nxa5 Nxg3 37. Nxb7 h4 38. Nd6 Kd7 39. a5 h3 40. a6 h2 41. a7 h1=Q 42. a8=Q Qd5+ 43. Ke3 Qxc5+ 44. Kf3 Qxb6 45. Qe8+ Kxd6 46. Qxg6+ Kd5 47. Qf7+ Kc5 48. Kxg3 Qb1 49. Qe7+ Kc4 50. Qe6+ Kb5 51. Kh4 Qd3 52. Kg5 c5 53. Qxf5 Qd8+ 54. Qf6 Qg8+ 55. Qg6 Qd8+ 56. Qf6 Qd2 57. Qe7 Kb4 58. Qb7+ Kc3 59. Qg7+ Kb3 60. Qb7+ Kc2 61. Qe4+ Kc3 62. Kg6 c4 63. f5 Kb3 64. f6 c3 65. f7 Qd6+ 66. Kg7 Qg3+ 67. Kf8 c2 68. Qb7+ Ka2 69. Qa6+ Kb1 70. Qb5+ Kc1 71. Qf1+ Kd2 72. Ke8 Qe5+ 73. Kf8 Qh8+ 74. Ke7 Qe5+ 75. Kf8 c1=Q 76. Qxc1+ Kxc1 77. Kg8 Qg5+ 78. Kh8 Qh6+ 79. Kg8 Qg6+ 80. Kh8 Qxf7 1/2-1/2


[Site "https://www.chess.com"]

[Event "Titled Tuesday Blitz June 27 Late 2023"]
[White "Troff, Kayden"]
[Black "Manukyan, Artyom"]
[WhiteFideId "2047896"]
[BlackFideId "13305786"]
[WhiteElo "2731"]
[BlackElo "2575"]
[Result "1-0"]
[Round "7"]
[TimeControl "180+2"]
[Date "2023.06.27"]
[WhiteClock "0:00:30"]
[BlackClock "0:00:07"]
[Board "40"]

1. d4 d5 2. Nf3 Nf6 3. Bf4 c5 4. e3 Nc6 5. Nc3 cxd4 6. Nxd4 Nxd4 7. Qxd4 a6 8. O-O-O e6 9. e4 Qa5 10. exd5 Bc5 11. Bb5+ Qxb5 12. Nxb5 Bxd4 13. Nc7+ Ke7 14. Nxa8 e5 15. Be3 Bg4 16. Bxd4 exd4 17. f3 Bf5 18. Nb6 Kd6 19. Rxd4 Kc5 20. Rf4 Bg6 21. Na4+ Kxd5 22. Rd1+ Ke5 23. Rc4 b5 24. Rc5+ Ke6 25. Nb6 Rb8 26. Rc6+ Ke5 27. Rxf6 1-0


[Site "https://www.chess.com"]

[Event "Titled Tuesday Blitz June 27 Late 2023"]
[White "Barp, Alberto"]
[Black "Bjelobrk, Igor"]
[WhiteFideId "872555"]
[BlackFideId "4300726"]
[WhiteElo "2724"]
[BlackElo "2573"]
[Result "1-0"]
[Round "7"]
[TimeControl "180+2"]
[Date "2023.06.27"]
[WhiteClock "0:00:05"]
[BlackClock "0:00:00"]
[Board "41"]

1. d4 e6 2. Nf3 c5 3. e3 b6 4. Bd3 Bb7 5. O-O Nf6 6. c4 Be7 7. Nc3 cxd4 8. exd4 d5 9. cxd5 Nxd5 10. Bb5+ Bc6 11. Qa4 Qd7 12. Bxc6 Nxc6 13. Qb5 Nxc3 14. bxc3 Rc8 15. Qh5 Qd5 16. Qg4 O-O 17. Bh6 Bf6 18. Rfd1 Ne7 19. Rd3 Nf5 20. Bg5 Bxg5 21. Nxg5 Rc4 22. Re1 Rfc8 23. Qh5 Nh6 24. Re5 Rxc3 25. Rxd5 Rxd3 26. h3 exd5 27. Qe2 Rxd4 28. Qa6 Rc7 29. Qe2 Rc8 30. Qa6 Rc7 31. Qb5 Re7 32. Qc6 Rd1+ 33. Kh2 Rde1 34. Qxd5 g6 35. f3 Nf5 36. Ne4 Kg7 37. Qd2 R1xe4 38. fxe4 Rxe4 39. Qc3+ Rd4 40. g4 Kf6 41. gxf5 Ke5 42. Qc7+ Kxf5 43. Qxf7+ Ke4 44. Qxh7 Rd6 45. Qe7+ Kd5 46. Kg3 a5 47. Qf7+ Kc5 48. Qb3 Kc6 49. Qc4+ Kd7 50. Kf4 Rc6 51. Qd4+ Kc7 52. Ke5 Rc5+ 53. Ke6 g5 54. Qd6+ Kb7 55. Kd7 Ka7 56. Qe6 Kb7 57. a4 Ka7 58. Qe2 Kb7 59. Kd6 Ka7 60. Qe7+ Ka6 61. Qe8 Ka7 62. Qd7+ Ka6 63. Ke6 b5 64. Qd6+ 1-0


[Site "https://www.chess.com"]

[Event "Titled Tuesday Blitz June 27 Late 2023"]
[White "D`Arruda, Ricardo D."]
[Black "Fernandez, Daniel"]
[WhiteFideId "100692"]
[BlackFideId "2015390"]
[WhiteElo "2556"]
[BlackElo "2722"]
[Result "0-1"]
[Round "7"]
[TimeControl "180+2"]
[Date "2023.06.27"]
[WhiteClock "0:01:27"]
[BlackClock "0:00:47"]
[Board "42"]

1. Nf3 Nf6 2. d4 b5 3. g3 Bb7 4. Bg2 e6 5. O-O c5 6. e3 a5 7. Nc3 b4 8. Ne2 d5 9. Nf4 Nc6 10. c3 Be7 11. Ne5 O-O 12. Nfd3 Nxe5 13. Nxe5 a4 14. a3 bxc3 15. bxc3 Nd7 16. f4 Nxe5 17. fxe5 Ba6 18. Rf2 Bc4 19. Bf1 Bxf1 20. Qxf1 Rb8 21. Qa6 Qd7 22. Bd2 Rb3 23. Be1 cxd4 24. exd4 Rc8 25. Qf1 Rxa3 26. Rxa3 Bxa3 27. Ra2 Bf8 28. Qa6 a3 29. Bd2 h5 30. Kg2 Rc4 31. Qa8 Qb5 32. Rxa3 Qb2 33. Ra2 Qb1 34. h4 Kh7 35. Kh3 Qh1# 0-1


[Site "https://www.chess.com"]